AoeStats
← limu1168

Arena

508015268Analyzed
1v1 RM · 12d ago on Sep 20, 2026· 40m 49s· 2 players
Game mode
Random Map
Map size
Tiny (2 player)
Population
200
Speed
Normal
Resources
Standard
Victory
Conquest
Starting age
Dark Age
Ending age
Imperial Age
RankedLock teamsTeams togetherTeam positionsShared explorationLock speedFull tech treeHidden civsTurbo modeCheats
Victory
Defeat
🇨🇳 Chinese · China
240
+6
🇲🇽 Turks · Mexico
—
sady5144
14:06 Feudal Age
17:03 Double-Bit Axe
18:46 Gold Mining
20:01 Wheelbarrow
20:10 Horse Collar
30:17 Castle Age
28:03 Town Watch
31:33 Heavy Plow
31:31 Stone Mining
32:52 Hand Cart
38:41 Town Patrol
40:11 Bow Saw
limu1168
13:41 Feudal Age
20:18 Castle Age
28:06 Wheelbarrow
32:13 Hand Cart
31:47 Elite Skirmisher
32:37 Husbandry
38:19 Imperial Age
Connection lost

Rejoining the realm…

Still unreachable

The connection could not be restored.

Session expired

The server has moved on; the page needs a fresh start.